Map: Zen LE

Players

ClanCampbell - Winner!

  • Race: Terran Terran
  • League: Silver
  • Spawn Location: 1:00

antagomiR

  • Race: Protoss Protoss
  • League: Gold
  • Spawn Location: 7:00

VOD

Have the link to the VOD?

Description

Time

  • Played on: April 9, 2020, 12:59 a.m.
  • Length: 23:44
Show
View Real Time Build Order
Export as new Build Order

ClanCampbell Terran - Winner!

Build Orders:  

Get SALT Encoding   

  12  0:01  SCV  
  13  0:13  SCV  
  14  0:23  Supply Depot  
  14  0:25  SCV  
  15  0:44  SCV  
  16  0:50  Barracks  
  16  0:56  SCV  
  17  1:17  Command Center  
  17  1:27  SCV  
  18  1:39  SCV  
  19  1:47  Barracks  
  19  1:57  Refinery  
  19  1:58  SCV  
  20  2:04  Bunker  
  20  2:05  Marine  
  21  2:10  SCV  
  22  2:22  SCV  
  23  2:28  Marine  
  24  2:32  Unknown  
  24  2:34  Supply Depot  
  24  2:46  SCV, Engineering Bay  
  24  2:49  Orbital Command  
  25  2:55  Barracks Reactor  
  25  2:58  SCV  
  26  3:00  Barracks Reactor  
  26  3:06  Refinery  
  26  3:14  Orbital Command  
  26  3:31  Terran Infantry Weapons Level 1  
  26  3:36  Reaper  
  26  3:37  Reaper x2  
  29  3:43  Reaper  
  30  3:50  SCV  
  32  4:02  SCV  
  32  4:03  Command Center  
  32  4:05  SCV  
  33  4:12  Reaper  
  33  4:13  Reaper  
  33  4:15  SCV, Reaper x2  
  38  4:17  SCV  
  39  4:27  SCV  
  40  4:35  Factory  
  40  4:36  SCV  
  41  4:39  SCV  
  41  4:44  Reaper  
  43  4:48  Reaper  
  43  4:49  Reaper x2  
  46  5:01  SCV  
  46  5:07  Supply Depot  
  47  5:13  SCV  
  48  5:24  Marine x3  
  48  5:25  SCV, Terran Infantry Armor Level 1  
  52  5:29  Supply Depot  
  52  5:32  Factory Tech Lab  
  52  5:38  SCV  
  52  5:42  Missile Turret  
  53  5:50  Planetary Fortress  
  53  5:55  Missile Turret  
  53  5:59  Marine x2  
  53  6:00  Marine x2  
  57  6:09  Siege Tank  
  60  6:16  Missile Turret  
  60  6:17  Marine x2  
  62  6:41  Siege Tank  
  61  7:49  Marine x2  
  61  7:50  Marine x2  
  65  7:56  Siege Tank  
  68  8:00  SCV  
  69  8:07  Marine x3  
  69  8:08  Marine  
  69  8:12  SCV  
  74  8:20  Refinery  
  74  8:24  SCV  
  74  8:25  Marine x4  
  79  8:28  Siege Tank  
  82  8:36  SCV  
  83  8:48  SCV  
  84  9:15  Marine  
  85  9:18  Hi-Sec Auto Tracking  
  85  9:23  Marine x3, Siege Tank  
  91  9:27  Armory  
  83  10:19  Armory  
  83  10:22  Barracks  
  83  10:24  Terran Vehicle Weapons Level 1  
  83  10:26  Widow Mine  
  85  10:28  Drilling Claws  
  85  10:36  SCV  
  86  10:48  SCV, Widow Mine  
  89  10:50  Supply Depot x2  
  89  10:53  Supply Depot  
  89  10:56  Supply Depot  
  89  10:58  Supply Depot  
  89  11:00  SCV, Supply Depot  
  90  11:09  Widow Mine  
  92  11:12  SCV, Barracks Tech Lab  
  92  11:14  Marine x4  
  92  11:15  Barracks  
  97  11:24  SCV  
  98  11:30  Widow Mine  
  98  11:31  Marine  
  98  11:32  Marine  
  92  12:03  Barracks  
  92  12:11  Stimpack  
  92  12:14  Terran Vehicle And Ship Armor Level 1  
  92  12:20  Armory  
  92  12:22  Terran Vehicle Weapons Level 2  
  92  12:25  Terran Infantry Weapons Level 2  
  87  12:58  Barracks Reactor  
  87  12:59  Barracks Reactor  
  87  13:02  Marine x4  
  87  13:03  Marine  
  92  13:20  Marine x5  
  97  13:38  Marine x5  
  102  13:44  Missile Turret  
  102  13:47  Missile Turret  
  102  13:50  Widow Mine  
  102  13:51  Combat Shield  
  104  13:55  Marine  
  104  13:56  Marine x7  
  104  13:57  Marine  
  113  14:11  Missile Turret  
  113  14:12  Widow Mine  
  113  14:13  Marine x3  
  113  14:14  Marine x6  
  100  14:31  Marine x3  
  100  14:32  Marine x6  
  100  14:33  Widow Mine  
  96  14:49  Marine x6  
  96  14:50  Marine x3  
  105  14:54  Widow Mine  
  107  15:02  Starport  
  107  15:03  Starport x2  
  107  15:05  Starport  
  107  15:07  Marine x7  
  107  15:08  Marine x2  
  116  15:24  Marine  
  116  15:25  Marine x6, Terran Infantry Weapons Level 3  
  116  15:26  Command Center  
  116  15:28  Terran Vehicle Weapons Level 3, Terran Vehicle And Ship Armor Level 2  
  123  15:41  Marine x2, Starport  
  123  15:42  Marine x2  
  125  15:43  Marine x5  
  132  15:51  Terran Ship Weapons Level 1  
  132  15:57  Engineering Bay  
  132  15:59  Marine x2  
  132  16:00  Marine  
  135  16:14  Missile Turret  
  135  16:15  Siege Tank  
  138  16:33  Refinery  
  138  16:36  Starport Tech Lab x5  
  138  16:46  Factory  
  138  16:48  Siege Tank  
  141  17:22  Cloaking Field, Corvid Reactor  
  141  17:23  Hyperflight Rotors  
  122  17:45  Factory Tech Lab  
  122  17:48  Banshee  
  122  17:49  Banshee x4  
  81  18:31  Marine x5, Banshee x2  
  81  18:32  Marine x4, Banshee x3  
  105  18:47  Widow Mine  
  107  18:48  Marine  
  107  18:49  Marine x6  
  107  18:50  Marine x2  
  116  19:06  Marine  
  116  19:07  Marine x7  
  124  19:14  Banshee x3  
  124  19:15  Banshee x2  
  139  19:44  Command Center  
  139  19:57  Banshee x3  
  130  20:18  Bunker  
  130  20:22  Banshee x2  
  136  20:40  Banshee  
  111  22:19  Banshee x5  
Show
View Real Time Build Order
Export as new Build Order

antagomiR Protoss 

Build Orders:  

Get SALT Encoding   

  12  0:01  Probe  
  13  0:13  Probe  
  14  0:18  Pylon  
  14  0:27  Probe  
  15  0:37  Gateway  
  15  0:43  Probe (Chrono Boost)  
  16  0:54  Probe (Chrono Boost)  
  16  0:56  Assimilator  
  17  1:04  Probe  
  18  1:14  Assimilator  
  18  1:16  Probe  
  19  1:29  Probe  
  20  1:41  Probe, Cybernetics Core  
  21  1:47  Pylon  
  21  1:54  Probe  
  22  2:06  Probe  
  23  2:11  Warp Gate (Chrono Boost)  
  23  2:18  Probe  
  24  2:27  Nexus  
  24  2:30  Robotics Facility  
  24  2:33  Probe  
  25  2:45  Probe  
  25  2:46  Adept  
  28  2:56  Pylon  
  28  3:00  Probe  
  29  3:12  Probe  
  30  3:16  Stalker  
  30  3:17  Observer  
  33  3:22  Shield Battery  
  33  3:24  Probe  
  34  3:36  Probe  
  34  3:38  Gateway  
  34  3:41  Gateway, Observer  
  37  3:48  Probe  
  37  3:59  Sentry  
  37  4:00  Probe  
  44  4:03  Immortal  
  44  4:14  Probe x2  
  46  4:26  Probe x2  
  48  4:34  Sentry, Observer  
  48  4:36  Stalker  
  48  4:38  Probe x2  
  54  4:46  Pylon  
  54  4:48  Pylon  
  54  4:51  Twilight Council  
  54  5:04  Probe x2  
  56  5:10  Stalker  
  56  5:11  Stalker x2  
  62  5:16  Probe x2  
  64  5:23  Immortal  
  70  5:28  Probe x2  
  70  5:42  Templar Archives  
  70  5:48  Pylon  
  70  5:54  Pylon  
  70  5:56  Pylon, Assimilator  
  70  6:00  Assimilator  
  70  6:01  Probe  
  70  6:06  Probe  
  70  6:08  Sentry  
  73  6:18  Charge (Chrono Boost)  
  73  6:24  Zealot x2  
  77  6:31  Probe x2, Observer  
  73  6:43  Probe x2  
  61  7:15  Stalker x2  
  63  7:16  Stalker  
  61  7:42  Probe x2  
  55  7:54  Probe x2  
  57  7:59  Forge  
  57  8:00  Forge  
  57  8:06  Probe x2  
  57  8:12  Immortal  
  63  8:18  Probe  
  63  8:19  Probe  
  65  8:20  Stalker x3  
  71  8:30  Probe  
  71  8:31  Probe  
  73  8:37  Protoss Ground Weapons Level 1 (Chrono Boost)  
  73  8:43  Probe x2  
  74  8:55  Probe x2  
  75  9:07  Probe x2  
  77  9:19  Probe x2  
  77  9:20  Nexus  
  77  9:24  Pylon  
  79  9:25  Stalker x2  
  79  9:26  Pylon  
  83  9:31  Probe x2  
  84  9:43  Probe  
  85  9:55  Photon Cannon  
  85  10:01  Probe x2  
  85  10:06  Immortal  
  90  10:13  Probe x2  
  90  10:25  Probe  
  90  10:26  Nexus  
  90  10:28  Probe  
  92  10:37  Probe  
  93  10:45  Warp Prism  
  95  10:51  Probe x2  
  95  10:55  Assimilator  
  97  10:57  Assimilator  
  97  11:03  Probe x2  
  99  11:15  Probe x2  
  101  11:25  Photon Cannon  
  101  11:27  Probe  
  101  11:28  Photon Cannon  
  101  11:31  Probe  
  99  11:39  Probe  
  88  11:43  Probe  
  75  11:51  Probe  
  75  11:54  Protoss Ground Weapons Level 2 (Chrono Boost)  
  60  11:55  Probe  
  61  12:01  Zealot x2  
  61  12:02  Zealot  
  61  12:15  Gateway, Immortal  
  65  12:16  Gateway  
  65  12:17  Gateway  
  65  12:21  Gateway x2  
  65  12:27  Photon Cannon  
  65  12:28  Zealot x3  
  51  12:53  Zealot x3  
  56  12:59  Probe  
  56  13:00  Probe  
  58  13:12  Probe x2, Zealot  
  62  13:13  Zealot  
  62  13:15  Zealot x3  
  62  13:16  Zealot  
  72  13:24  Probe x2  
  74  13:30  Sentry x2  
  78  13:36  Probe x2  
  80  13:56  Stalker  
  80  13:57  Stalker  
  80  13:58  Stalker  
  86  14:07  Pylon  
  86  14:12  Pylon  
  86  14:14  Pylon  
  86  14:17  Pylon  
  71  14:26  Stalker  
  71  14:27  Sentry x2  
  71  14:28  Zealot x3  
  71  14:29  Zealot x2  
  84  14:57  Nexus  
  84  14:59  Pylon  
  84  15:00  Pylon  
  84  15:01  High Templar  
  84  15:02  High Templar x5  
  84  15:03  High Templar x2  
  84  15:05  Archon  
  84  15:06  Archon  
  100  15:07  Archon x2  
  100  15:13  Probe x2  
  102  15:18  Shield Battery  
  102  15:25  Probe  
  103  15:29  Pylon  
  103  15:43  Probe  
  103  15:44  Probe  
  105  15:56  Probe x2  
  107  16:08  Probe x2  
  109  16:12  Phoenix  
  109  16:19  High Templar x5  
  109  16:20  Probe, High Templar  
  122  16:27  Zealot  
  122  16:30  Zealot  
  122  16:31  Archon  
  122  16:32  Archon x2  
  126  16:41  Probe x2  
  128  16:53  Probe x2  
  130  17:03  Zealot x2  
  130  17:04  Zealot x4  
  130  17:06  High Templar x2  
  146  17:10  Archon  
  146  17:11  Probe x2  
  146  17:14  Probe  
  149  17:23  Probe  
  99  18:45  Nexus  
  99  18:56  Pylon  
  99  18:58  Pylon  
  99  19:18  Zealot x4  
  99  19:19  Zealot x3  
  111  20:15  High Templar x3  
  111  20:16  High Templar x5  
  111  20:17  Assimilator  
  111  20:19  Archon  
  111  20:20  Archon x3  
  67  22:12  High Templar  
  69  22:20  Nexus  
  69  22:23  Pylon  
  6  23:32  Assimilator  
Tags
 
Matchup
PvT
Replay Pack
20200422
Spawn Locations
Cross Positions
Add a new tag
Caveats
  • Supply blocks, unpowered buildings, or Contaminate may cause inaccurate times.
  • Supply counts are checked every 10 seconds.